 Dungeon Crawl Stone Soup version 0.29.1-15-g9cfb28693d (webtiles) character file.

Game seed: 5525268639551484204

277 leafyfresh the Covert (level 6, -4/44 HPs)
             Began as an Octopode Delver on Mar 4, 2023.
             Slain by turnipcat1's ghost (6 damage)
             ... on level 3 of the Dungeon.
             The game lasted 00:01:53 (613 turns).

leafyfresh the Covert (Octopode Delver)              Turns: 613, Time: 00:01:54

Health: -4/44      AC:  1    Str: 11    XL:     6   Next: 26%
Magic:  6/6        EV: 14    Int: 14    God:
Gold:   33         SH:  0    Dex: 14    Spells: 5/5 levels left

rFire   . . .      SeeInvis .   a - +0 short sword
rCold   . . .      Faith    .   (no shield)
rNeg    . . .      Spirit   .   (helmet restricted)
rPois   .          Reflect  .   (no amulet)
rElec   .          Harm     .   g - ring of flight
rCorr   .          Rampage  .   (no ring)
Will    .....                   (no ring)
Stlth   +++++.....              (no ring)
HPRegen 0.14/turn               (no ring)
MPRegen 0.10/turn               (no ring)
                                (no ring)
                                (no ring)

@: flying
A: almost no armour, amphibious, 8 rings, camouflage 1, gelatinous body 1,
(nimble swimmer 1), tentacles
a: no special abilities


You were on level 3 of the Dungeon.
You visited 1 branch of the dungeon, and saw 3 of its levels.

You collected 33 gold pieces.

Inventory:

Hand Weapons
 a - a +0 short sword (weapon)
Jewellery
 g - a ring of flight (left tentacle)
 k - a ring of ice
Wands
 f - a wand of digging (1)
Scrolls
 b - a scroll of fog
 c - a scroll of magic mapping
 d - 4 scrolls of fear
 h - a scroll of identify {unknown}
 j - 2 scrolls of torment {unknown}
Potions
 e - a potion of haste
 i - a potion of curing {unknown}
 l - a potion of magic {unknown}


   Skills:
 + Level 4.5 Fighting
 - Level 2.4 Short Blades
 + Level 3.9 Dodging
 + Level 8.2 Stealth


You had 5 spell levels left.
You didn't know any spells.
Your spell library was empty.

Dungeon Overview and Level Annotations

Branches:
Dungeon (5/15)
 Temple: D:4-7

Altars:
Trog

Annotations:
D:3 turnipcat1's ghost, weakling OpSu
D:4 1 transporter


Innate Abilities, Weirdness & Mutations

You cannot wear most types of armour.
You are amphibious.
You can wear up to eight rings at the same time.
Your skin changes colour to match your surroundings (Stealth+).
Your rubbery body absorbs attacks. (AC +1, EV +1)
((You are camouflaged when in or above water. (Stealth+)))
You have tentacles for arms and can constrict up to eight enemies at once.


Message History

Turnipcat1's ghost wails, "What do you have that I didn't have?"
Turnipcat1's ghost hits you.
* * * LOW HITPOINT WARNING * * *
You hit turnipcat1's ghost but do no damage.
Your squeeze misses turnipcat1's ghost.
Turnipcat1's ghost is heavily damaged.
Turnipcat1's ghost misses you.
You barely miss turnipcat1's ghost.
Your tentacle-slap misses turnipcat1's ghost.
Turnipcat1's ghost is heavily damaged.
Turnipcat1's ghost hits you.
* * * LOW HITPOINT WARNING * * *
You closely miss turnipcat1's ghost. Your squeeze misses turnipcat1's ghost.
Turnipcat1's ghost is heavily damaged.
Turnipcat1's ghost hits you.
* * * LOW HITPOINT WARNING * * *
You hit turnipcat1's ghost but do no damage.
Your tentacle-slap misses turnipcat1's ghost.
Turnipcat1's ghost is heavily damaged.
Turnipcat1's ghost hits you.
* * * LOW HITPOINT WARNING * * *
You closely miss turnipcat1's ghost.
Your tentacle-slap misses turnipcat1's ghost.
Turnipcat1's ghost is heavily damaged.
Turnipcat1's ghost hits you.
* * * LOW HITPOINT WARNING * * *
You barely miss turnipcat1's ghost. Your squeeze misses turnipcat1's ghost.
Turnipcat1's ghost is heavily damaged.
Turnipcat1's ghost barely misses you.
You closely miss turnipcat1's ghost.
Turnipcat1's ghost is heavily damaged.
Turnipcat1's ghost hits you.
* * * LOW HITPOINT WARNING * * *
You hit turnipcat1's ghost but do no damage.
Turnipcat1's ghost is heavily damaged.
Turnipcat1's ghost closely misses you.
You hit turnipcat1's ghost.
Turnipcat1's ghost is almost destroyed.
Turnipcat1's ghost hits you.
You die...

###.##... ....#
#.#.##.#.####.## ##.#.. #.#
#.#.##.#........ ....... #.#
#.#......####.##
#.......##.###.#......####.#
#...<...........<..........#
#.# #####...####.....######
#####.########.#.# #......#
.................# #.##.###
#$###.#.########@# #.##.#
#.#.#~!~~~~W.# #.##.#
#.#.########.# #.##.#
#.#..........# #.##.#
#.#..######### #.##.#
#.###.#..##### #.##.###
#............##### #.##...
#..##............# #.##.# #.
####$###.###.###....#


You could see turnipcat1's ghost.

Vanquished Creatures
  A steam dragon (D:4)
  A bullfrog (D:3)
  2 hounds (D:4)
  2 adders (D:3)
  An orc (D:3)
  A giant cockroach (D:3)
  A hobgoblin (D:3)
  A kobold (D:3)
10 creatures vanquished.

Notes
Turn   | Place    | Note
-------+----------+-------------------------------------------
     0 | D:5      | leafyfresh the Octopode Delver began the quest for the Orb.
     0 | D:5      | Reached XP level 1. HP: 16/16 MP: 1/1
     2 | D:4      | Noticed a hound
     7 | D:4      | Noticed a hound
     9 | D:4      | Killed a hound
    10 | D:4      | Reached XP level 2. HP: 20/21 MP: 2/2
    10 | D:4      | Reached XP level 3. HP: 25/26 MP: 3/3
    10 | D:4      | Found a transporter.
    15 | D:4      | Reached skill level 7 in Stealth
    15 | D:4      | Reached XP level 4. HP: 30/31 MP: 4/4
    54 | D:4      | Noticed a steam dragon
    58 | D:4      | Found a bloodstained altar of Trog.
    61 | D:4      | Killed a steam dragon
    62 | D:4      | Reached XP level 5. HP: 8/37 MP: 5/5
   493 | D:3      | Found a runed translucent door.
   589 | D:3      | Noticed turnipcat1's ghost (weakling OpSu)
   596 | D:3      | Reached skill level 8 in Stealth
   600 | D:3      | Reached XP level 6. HP: 17/44 MP: 6/6
   611 | D:3      | HP: 2/44 [turnipcat1's ghost (2)]
   613 | D:3      | Slain by turnipcat1's ghost

Illustrated notes

Levels and vault maps discovered:
D:3:      minmay_evil_eye, layout_loops_ring, lightli_temple_of_fire,
          ebering_ghost_sewer_d
D:4:      layout_rooms, trog_butcher_becter, mainiacjoe_overflow_boulevard,
          lemuel_doored_altar, gammafunk_ghost_mausoleum, uniq_menkaure
D:5:      layout_rooms, kennysheep_mini, minmay_temple_entry_junction_2,
          nicolae_wooded_promenade

Skill      XL: |  1  2  3  4  5 |
---------------+----------------+-----
Stealth        | 7 8 |  8.2
Fighting       | 4 |  4.5
Dodging        | 3 |  3.9
Short Blades   | |  2.4

Action                   |  1- 3 |  4- 6 || total
-------------------------+-------+-------++-------
Melee: Short sword       |     5 |    32 ||    37
       Constrict         |     2 |     4 ||     6
       Tentacles         |     2 |     4 ||     6
Evoke: Wand              |       |     2 ||     2
 Stab: Sleeping          |     1 |     2 ||     3
Armor: Skin              |     1 |     1 ||     2
Dodge: Dodged            |     3 |    15 ||    18
